Map: Oxide LE

Players

PtitDrogo - Winner!

  • Race: Protoss Protoss
  • League: Grandmaster

BlyOnFire (Bly)

  • Race: Zerg Zerg
  • League: Grandmaster

Event: DreamHack SC2 Masters 2021 Summer

VOD

Have the link to the VOD?

Description

Time

  • Played on: May 19, 2021, 10:58 a.m.
  • Length: 11:15

All games in this series

Show
View Real Time Build Order
Export as new Build Order

PtitDrogo Protoss - Winner!

Build Orders: 1 Gate Expand, Oracle Opening 

Get SALT Encoding   

  12  0:00  Probe  
  13  0:12  Probe  
  14  0:19  Pylon  
  14  0:25  Probe (Chrono Boost)  
  15  0:38  Probe (Chrono Boost)  
  15  0:39  Gateway  
  16  0:46  Probe (Chrono Boost)  
  16  0:49  Assimilator  
  17  0:52  Probe  
  18  1:04  Probe  
  19  1:16  Probe  
  20  1:27  Nexus  
  20  1:37  Cybernetics Core  
  20  1:40  Probe  
  20  1:45  Assimilator  
  21  1:52  Probe  
  22  1:56  Pylon  
  22  2:04  Probe  
  23  2:11  Adept (Chrono Boost)  
  25  2:16  Probe  
  25  2:19  Stargate  
  26  2:26  Warp Gate  
  26  2:28  Probe  
  27  2:31  Adept (Chrono Boost)  
  29  2:39  Probe (Chrono Boost)  
  31  2:45  Probe (Chrono Boost)  
  31  2:50  Probe (Chrono Boost)  
  32  2:55  Probe (Chrono Boost)  
  32  2:56  Adept  
  32  2:57  Probe  
  35  3:01  Oracle (Chrono Boost)  
  35  3:05  Probe  
  40  3:14  Probe  
  40  3:15  Pylon  
  41  3:20  Gateway  
  41  3:25  Probe  
  41  3:26  Adept  
  44  3:27  Probe  
  45  3:38  Probe  
  44  3:43  Probe  
  43  3:50  Probe, Oracle (Chrono Boost)  
  43  3:55  Probe  
  48  4:03  Probe  
  48  4:06  Pylon  
  49  4:14  Adept x2  
  49  4:15  Probe  
  49  4:16  Probe  
  54  4:19  Pylon  
  54  4:25  Oracle (Chrono Boost)  
  54  4:27  Probe, Nexus  
  54  4:31  Probe, Shield Battery  
  58  4:34  Pylon  
  59  4:39  Probe, Assimilator  
  59  4:40  Adept  
  59  4:41  Assimilator  
  59  4:43  Probe  
  59  4:44  Adept  
  65  4:53  Probe  
  65  4:56  Twilight Council  
  65  4:57  Forge  
  65  4:58  Probe  
  67  5:02  Sentry  
  69  5:10  Gateway  
  69  5:13  Gateway  
  69  5:15  Probe  
  69  5:16  Probe  
  71  5:21  Sentry  
  71  5:27  Probe  
  74  5:29  Blink  
  74  5:35  Stalker  
  76  5:36  Shield Battery  
  76  5:42  Gateway  
  76  5:45  Gateway  
  76  5:47  Photon Cannon  
  76  5:57  Stalker  
  76  5:58  Stalker  
  76  6:00  Probe  
  81  6:11  Stalker x2  
  83  6:16  Probe  
  81  6:22  Stalker x2  
  80  6:31  Probe x2  
  80  6:32  Protoss Ground Armor Level 1 (Chrono Boost)  
  72  6:36  Stalker x3  
  72  6:37  Probe  
  75  6:43  Probe  
  75  6:45  Zealot x2  
  75  6:46  Zealot  
  74  6:52  Probe  
  74  6:54  Probe  
  74  6:59  Zealot x3  
  74  7:00  Probe  
  74  7:05  Probe  
  74  7:06  Probe, Stalker  
  74  7:08  Stalker  
  80  7:11  Charge  
  80  7:12  Sentry  
  80  7:14  Shield Battery  
  82  7:16  Probe  
  82  7:22  Probe x2  
  85  7:24  Stalker x2  
  85  7:28  Pylon  
  85  7:29  Sentry  
  91  7:42  Probe  
  91  7:43  Probe  
  93  7:44  Robotics Facility  
  93  7:46  Probe  
  93  7:49  Assimilator  
  94  7:54  Probe, Pylon  
  94  7:57  Gateway x2  
  94  7:58  Sentry x2  
  97  7:59  Gateway  
  97  8:02  Stalker  
  101  8:09  Assimilator  
  101  8:13  Protoss Ground Weapons Level 1 (Chrono Boost)  
  101  8:15  Dark Shrine  
  101  8:22  Pylon  
  101  8:26  Stalker x4  
  109  8:30  Pylon  
  109  8:32  Pylon  
  109  8:33  Pylon  
  109  8:38  Warp Prism (Chrono Boost)  
  109  8:41  Pylon  
  111  8:42  Stalker x2  
  115  8:56  Nexus  
  115  9:05  Observer (Chrono Boost)  
  115  9:07  Stalker x6  
  128  9:11  Zealot  
  130  9:20  Stalker x2  
  132  9:33  Dark Templar x2  
  136  9:44  Photon Cannon  
  136  9:46  Probe  
  136  9:48  Photon Cannon, Dark Templar  
  136  9:49  Dark Templar  
  136  9:50  Zealot x2, Dark Templar x2  
  149  9:53  Pylon  
  149  9:54  Pylon  
  149  9:55  Archon x2  
  149  10:12  Stalker x5  
  149  10:30  Probe  
  149  10:32  Stalker  
  149  10:33  Stalker x3  
  147  10:43  Stalker x5  
  139  11:05  Stalker x4  
  139  11:06  Stalker  
  139  11:08  Zealot x4  
Show
View Real Time Build Order
Export as new Build Order

BlyOnFire Zerg 

Build Orders: Hatch First 

Get SALT Encoding   

  12  0:00  Drone  
  13  0:12  Overlord  
  13  0:18  Drone  
  14  0:31  Drone x2  
  16  0:49  Hatchery  
  15  0:51  Drone  
  15  0:55  Drone  
  17  0:58  Drone  
  18  1:09  Extractor  
  17  1:13  Spawning Pool  
  17  1:16  Drone  
  17  1:20  Drone  
  18  1:27  Drone  
  19  1:38  Drone  
  20  1:48  Overlord  
  20  2:00  Queen  
  22  2:02  Queen, Zergling x4  
  26  2:12  Drone  
  26  2:13  Metabolic Boost  
  27  2:16  Drone  
  28  2:25  Drone x2  
  30  2:39  Hatchery  
  29  2:45  Queen  
  31  2:59  Overlord  
  31  3:00  Drone x4  
  35  3:10  Zergling x2  
  35  3:12  Zergling x2  
  36  3:18  Zergling x4  
  38  3:20  Drone  
  38  3:26  Spore Crawler  
  38  3:32  Drone x3  
  41  3:38  Drone  
  41  3:39  Queen  
  43  3:49  Overlord x2  
  43  3:53  Spore Crawler  
  41  3:57  Drone x7  
  46  4:16  Zergling x12  
  51  4:20  Extractor  
  51  4:22  Roach Warren  
  49  4:25  Spore Crawler  
  49  4:26  Drone x2  
  49  4:27  Drone x3  
  53  4:37  Overlord  
  53  4:38  Extractor  
  52  4:49  Drone x5  
  57  4:56  Overlord  
  57  5:05  Queen x3  
  57  5:06  Roach x2  
  57  5:07  Roach x2  
  70  5:16  Roach x4  
  70  5:20  Overlord  
  73  5:30  Drone x2  
  73  5:31  Drone  
  73  5:32  Drone x3  
  73  5:35  Zergling x8  
  81  5:40  Ravager x3  
  84  5:44  Overlord  
  82  5:59  Zergling x16  
  81  6:11  Zergling x6  
  73  6:19  Zergling x2  
  73  6:20  Zergling x16  
  64  6:33  Drone x4  
  63  6:41  Drone x3  
  54  7:01  Drone x6  
  54  7:04  Queen  
  54  7:05  Queen  
  63  7:08  Drone  
  63  7:09  Drone x2  
  63  7:15  Drone x3  
  69  7:21  Drone  
  69  7:28  Drone x2  
  71  7:30  Lair  
  71  7:41  Roach x6  
  82  7:50  Drone x6  
  82  7:51  Extractor  
  87  7:53  Drone  
  87  7:54  Extractor  
  87  7:56  Extractor  
  86  8:07  Hatchery  
  86  8:11  Drone x5  
  90  8:13  Overlord x2  
  90  8:15  Evolution Chamber  
  90  8:16  Overlord  
  89  8:32  Drone  
  89  8:33  Drone x2, Glial Reconstitution  
  92  8:39  Drone x3  
  92  8:40  Baneling Nest  
  92  8:41  Zerg Melee Weapons Level 1  
  94  8:42  Roach x4  
  94  8:43  Ravager x8  
  110  8:50  Zergling x4  
  113  9:00  Hatchery  
  113  9:01  Hatchery  
  111  9:03  Roach  
  111  9:05  Overlord x3  
  113  9:23  Hatchery, Centrifical Hooks  
  109  9:28  Drone x4  
  109  9:29  Drone x4  
  109  9:30  Drone  
  117  9:36  Zergling x2  
  117  9:37  Zergling x8  
  117  9:38  Baneling x8  
  122  9:55  Infestation Pit  
  121  10:00  Zergling x2  
  121  10:01  Zergling x16  
  121  10:02  Spore Crawler x2  
  121  10:03  Overlord  
  121  10:04  Pneumatized Carapace, Overseer  
  128  10:08  Spine Crawler  
  128  10:09  Baneling x10  
  128  10:13  Ravager x3  
  128  10:17  Roach x4  
  128  10:19  Overlord  
  128  10:21  Overlord  
  136  10:27  Roach x3  
  132  10:30  Roach  
  126  10:42  Roach  
  126  10:43  Roach x10  
  128  10:52  Roach  
  128  10:55  Roach x2  
Tags
 
Add a new tag
Caveats
  • Supply blocks, unpowered buildings, or Contaminate may cause inaccurate times.
  • Supply counts are checked every 10 seconds.